 Dungeon Crawl Stone Soup version 0.29.1-12-g30fa7ad0bf (webtiles) character file.

Game seed: 14759583938388730879

2409 LustLizard the Skirmisher (level 9, -8/41 HPs)
             Began as a Spriggan Hunter on Dec 25, 2022.
             Killed from afar by a manticore (17 damage)
             ... with a volley of spikes
             ... on level 6 of the Dungeon.
             The game lasted 00:11:50 (7615 turns).

LustLizard the Skirmisher (Spriggan Hunter)         Turns: 7615, Time: 00:11:51

Health: -8/41      AC:  5    Str:  7    XL:     9   Next: 23%
Magic:  10/10      EV: 19    Int: 10    God:
Gold:   320        SH:  0    Dex: 29    Spells: 8/8 levels left

rFire   . . .      SeeInvis +   a - +0 shortbow
rCold   . . .      Faith    .   (shield currently unavailable)
rNeg    . . .      Spirit   .   A - +0 steam dragon scales
rPois   +          Reflect  .   (helmet restricted)
rElec   .          Harm     .   (no cloak)
rCorr   .          Rampage  .   (gloves unavailable)
Will    +....                   (boots unavailable)
Stlth   +++.......              (no amulet)
HPRegen 0.13/turn               m - ring of poison resistance
MPRegen 0.12/turn               y - +6 ring of dexterity

@: spiked, very quick
A: very small, no large weapons, unfitting armour, see invisible, speed 3
a: no special abilities


You were on level 6 of the Dungeon.
You visited 1 branch of the dungeon, and saw 6 of its levels.

You collected 320 gold pieces.

Inventory:

Hand Weapons
 a - a +0 shortbow (weapon)
Missiles
 v - a throwing net
Armour
 c - a +0 robe
 A - +0 steam dragon scales (worn)
Jewellery
 m - a ring of poison resistance (left hand)
 p - a ring of positive energy
 y - a +6 ring of dexterity (right hand)
Scrolls
 b - 2 scrolls of immolation
 d - 3 scrolls of identify
 e - 5 scrolls of teleportation
 h - 2 scrolls of enchant armour {unknown}
 i - a scroll of summoning {unknown}
 j - 2 scrolls of vulnerability {unknown}
 k - a scroll of enchant weapon {unknown}
 l - a scroll of fog {unknown}
 o - 2 scrolls of magic mapping
 t - 2 scrolls of noise {unknown}
 w - a scroll of amnesia {unknown}
Potions
 f - a potion of magic
 g - a potion of curing
 n - a potion of berserk rage {unknown}
 q - a potion of mutation {unknown}
 r - a potion of flight {unknown}
 s - 2 potions of might {unknown}
 u - a potion of ambrosia {unknown}
 x - a potion of heal wounds {unknown}
 z - a potion of lignification {unknown}


   Skills:
 - Level 1.5 Fighting
 * Level 13.0 Ranged Weapons
 - Level 2.6 Dodging
 - Level 1.5 Stealth


You had 8 spell levels left.
You didn't know any spells.
Your spell library contained the following spells:

 Spells                   Type           Power      Damage    Failure   Level
 Ensorcelled Hibernation  Hex/Ice        0%         N/A       50%         2
 Static Discharge         Conj/Air       0%         3-3/arc   50%         2
 Sublimation of Blood     Necr           0%         N/A       50%         2
 Spider Form              Tmut/Pois      0%         N/A       75%         3
 Anguish                  Hex/Necr       0%         N/A       98%         4
 Petrify                  Tmut/Erth      0%         N/A       98%         4
 Irradiate                Conj/Tmut      0%         3d11      100%        5
 Lightning Bolt           Conj/Air       0%         1d11      100%        5
 Maxwell's Capacitive Co  Air            0%         ∞         100%        8


Dungeon Overview and Level Annotations

Branches:
Dungeon (6/15)
 Temple: D:4-7

Altars:
Fedhas
Trog

Annotations:
D:6 3 runed translucent doors, Timisetechie's ghost, novice HOFi


Innate Abilities, Weirdness & Mutations

You are very small and have problems with some larger weapons.
You are too small for most types of armour.
You have supernaturally acute eyesight. (SInv)
You cover ground extremely quickly. (Speed+++)


Message History

Aim: a manticore (lightly wounded, 79% to hit)
You shoot an arrow. The arrow hits the manticore!
The manticore is heavily wounded.
Unknown command.
Fire: a) +0 shortbow
Press: ? - help, Q - select action, (/) - cycle Shift-Dir - straight line, f/p - manticore
Aim: a manticore (heavily wounded, 79% to hit)
You shoot an arrow. The arrow hits the manticore.
The manticore is heavily wounded.
Unknown command.
Fire: a) +0 shortbow
Press: ? - help, Q - select action, (/) - cycle Shift-Dir - straight line, f/p - manticore
Aim: a manticore (heavily wounded, 79% to hit)
You shoot an arrow. The arrow barely misses the manticore.
The manticore flicks its tail.
The volley of spikes hits you!!
The barbed spikes become lodged in your body.
Fire: a) +0 shortbow
Press: ? - help, Q - select action, (/) - cycle Shift-Dir - straight line, f/p - manticore
Aim: a manticore (heavily wounded, 79% to hit)
You shoot an arrow. The arrow hits the manticore.
The manticore is heavily wounded.
Unknown command.
Fire: a) +0 shortbow
Press: ? - help, Q - select action, (/) - cycle Shift-Dir - straight line, f/p - manticore
Aim: a manticore (heavily wounded, 79% to hit)
You shoot an arrow. The arrow closely misses the manticore.
The manticore flicks its tail.
The volley of spikes hits you!
The barbed spikes become lodged in your body.
* * * LOW HITPOINT WARNING * * *
Fire: a) +0 shortbow
Press: ? - help, Q - select action, (/) - cycle Shift-Dir - straight line, f/p - manticore
Aim: a manticore (heavily wounded, 79% to hit)
You shoot an arrow. The arrow hits the manticore!
The manticore is severely wounded.
The manticore flicks its tail.
The volley of spikes hits you!
The barbed spikes become lodged in your body.
You die...

.....#...#......###.....#
.....#.#.#.#..#.#......##
#....#..H#..##..#...#.##
########'#..##..#...###
#['..#.#..#H##)##
###..#....).##..##
#########.##...#
#.......##..#
#..#.#.@)#.##
######......# ##.##..#
#.##### ###


You could see a manticore.

Vanquished Creatures
  Grinder (D:5)
  A steam dragon (D:6)
  Pargi (D:3)
  An orc warrior (D:5)
  4 ice beasts
  2 ogres
  A black bear (D:4)
  2 phantoms
  Blork the orc (D:6)
  5 scorpions
  5 wights (D:6)
  A howler monkey (D:6)
  2 hounds
  2 orc priests
  Jessica (D:3)
  An iguana (D:5)
  3 orc wizards
  Robin (D:2)
  8 adders
  2 ufetubi (D:6)
  2 worms (D:2)
  5 dart slugs
  18 orcs
  10 ball pythons
  4 endoplasms
  2 giant cockroaches (D:3)
  16 goblins
  8 hobgoblins
  8 jackals
  5 bats
  2 frilled lizards (D:1)
  6 kobolds
  4 rats
135 creatures vanquished.

Vanquished Creatures (others)
  An adder (D:6)
1 creature vanquished.

Grand Total: 136 creatures vanquished

Notes
Turn   | Place    | Note
-------+----------+-------------------------------------------
     0 | D:1      | LustLizard the Spriggan Hunter began the quest for the Orb.
     0 | D:1      | Reached XP level 1. HP: 10/10 MP: 2/2
    79 | D:1      | Reached XP level 2. HP: 14/14 MP: 3/3
   825 | D:1      | Reached skill level 5 in Ranged Weapons
  1037 | D:2      | Reached XP level 3. HP: 18/18 MP: 4/4
  1107 | D:2      | Noticed Robin
  1139 | D:2      | Killed Robin
  1243 | D:2      | Reached XP level 4. HP: 22/22 MP: 5/5
  1243 | D:2      | You fall into a shaft and drop 1 floor!
  1357 | D:3      | Reached skill level 6 in Ranged Weapons
  1465 | D:3      | Found a faded altar of an unknown god.
  1718 | D:3      | Reached XP level 5. HP: 19/25 MP: 6/6
  1834 | D:3      | Noticed Pargi
  1883 | D:3      | Killed Pargi
  1884 | D:3      | Reached skill level 7 in Ranged Weapons
  2079 | D:3      | Noticed Jessica
  2087 | D:3      | Killed Jessica
  2088 | D:3      | Reached XP level 6. HP: 18/30 MP: 7/7
  3114 | D:4      | Reached skill level 8 in Ranged Weapons
  3424 | D:4      | Found a blossoming altar of Fedhas.
  3607 | D:4      | Reached XP level 7. HP: 27/33 MP: 8/8
  3794 | D:5      | Entered Level 5 of the Dungeon
  4083 | D:5      | Found a bloodstained altar of Trog.
  4297 | D:5      | Identified the +4 whip "Killer Klown's Doom" {pain, Will+
                  | Dex+3}
  4462 | D:5      | Noticed Grinder
  4476 | D:5      | Killed Grinder
  4477 | D:5      | Reached skill level 9 in Ranged Weapons
  4798 | D:5      | Reached skill level 10 in Ranged Weapons
  4823 | D:5      | Reached XP level 8. HP: 37/37 MP: 9/9
  5382 | D:5      | Reached skill level 11 in Ranged Weapons
  5932 | D:6      | Found a runed translucent gate.
  5932 | D:6      | Found a runed translucent gate.
  5932 | D:6      | Found a runed translucent gate.
  6054 | D:6      | Noticed a manticore
  6103 | D:6      | Reached skill level 12 in Ranged Weapons
  6563 | D:6      | Noticed Timisetechie's ghost (novice HOFi)
  6583 | D:6      | Noticed Blork the orc
  6593 | D:6      | Killed Blork the orc
  6607 | D:6      | Reached XP level 9. HP: 41/41 MP: 10/10
  6896 | D:6      | Reached skill level 13 in Ranged Weapons
  7615 | D:6      | Killed from afar by a manticore

Illustrated notes

Levels and vault maps discovered:
D:1:      amcnicky_arrival_abandoned_market, layout_basic
D:2:      layout_rooms, lightli_corner_chamber, uniq_sigmund, uniq_robin
D:3:      wad_river_or_something, layout_basic,
          hellmonk_ecumenical_altar_pennies_from_heaven, uniq_pargi,
          uniq_jessica
D:4:      layout_gridville, fedhas_altar_1, minmay_cut_off
D:5:      layout_basic, trog_three_pillars_becter, uniq_grinder
D:6:      minmay_clustersquares, layout_cave_pools, ebering_ghost_rock_garden,
          uniq_blork_the_orc

Skill      XL: |  1  2  3  4  5  6  7  8  9 |
---------------+----------------------------+-----
Ranged Weapons | 5 6 7 8 10 12 13 | 13.0
Fighting       | |  1.5
Dodging        | |  2.6
Stealth        | |  1.5

Action                   |  1- 3 |  4- 6 |  7- 9 || total
-------------------------+-------+-------+-------++-------
 Fire: Shortbow          |    94 |   153 |   269 ||   516
  Use: Scroll            |       |     2 |     3 ||     5
       Potion            |       |       |     2 ||     2
Armor: Robe              |     3 |     6 |     1 ||    10
Dodge: Dodged            |     8 |    44 |    58 ||   110
